 Dungeon Crawl Stone Soup version 0.26-a0-835-g8259106e14 (webtiles) character file.

Game seed: 5012546208495043932

6518 dickylongcocking the Destroyer (level 10, 0/166 HPs)
             Began as a Pale Draconian Conjurer on Nov 18, 2020.
             Was an Elder of Vehumet.
             Slain by a seven-headed hydra (2 damage)
             ... on level 10 of the Dungeon.
             The game lasted 00:10:37 (11248 turns).

dickylongcocking the Destroyer (DrCj)              Turns: 11248, Time: 00:10:38

Health: 0/166      AC: 25    Str:  8    XL:     10   Next: 69%
Magic:  6/13       EV:  2    Int: 28    God:    Vehumet [****..]
Gold:   605        SH:  0    Dex: 13    Spells: 7/13 levels left

rFire    . . .     SeeInvis .   b - +4 dagger (venom)
rCold    . . .     Faith    .   (no shield)
rNeg     + + +     Spirit   .   (armour unavailable)
rPois    +         Reflect  .   (helmet currently unavailable)
rElec    +         Harm     .   (cloak currently unavailable)
rCorr    .         Rampage  .   (gloves currently unavailable)
MR       .....     Clarity  +   (boots currently unavailable) Stlth ..........NoTele +
                                j - amulet "Tuteten" {rElec rN++ Regen+ Str-3 Dex+3}
HPRegen  0.77/turn              c - +6 ring of intelligence
MPRegen  0.13/turn              g - +4 ring of slaying

@: berserking, tree-form, very quick
A: (breathe steam), unfitting armour, clarity, strong 1, AC +7
a: Renounce Religion


You were on level 10 of the Dungeon.
You worshipped Vehumet.
Vehumet was greatly pleased with you.
You were a tree.
You visited 1 branch of the dungeon, and saw 10 of its levels.

You collected 605 gold pieces.

Inventory:

Hand Weapons
 b - a +4 dagger of venom (weapon)
Armour
 k - a +0 pair of boots (melded)
Jewellery
 a - an uncursed ring of ice
 c - a +6 ring of intelligence (left branch)
 e - an uncursed ring of protection from fire
 f - an uncursed amulet of magic regeneration
 g - a +4 ring of slaying (right branch)
 j - the amulet "Tuteten" (around neck) {rElec rN++ Regen+ Str-3 Dex+3}
   (You took it off a gnoll on level 7 of the Dungeon)

   [amulet of regeneration]

   It affects your strength (-3).
   It affects your dexterity (+3).
   It insulates you from electricity.
   It greatly protects you from negative energy.
   It increases your rate of regeneration.
 u - an uncursed ring of stealth
 x - a +4 ring of evasion
 z - an uncursed ring of see invisible
Wands
 w - a wand of flame (46)
Scrolls
 d - 5 scrolls of remove curse
 h - 3 scrolls of enchant armour
 m - 5 scrolls of immolation
 n - 7 scrolls of teleportation
 q - a scroll of fear {unknown}
 s - 3 scrolls of amnesia
 v - 2 scrolls of magic mapping
 y - a scroll of torment
 A - 3 scrolls of identify
Potions
 i - a potion of haste {unknown}
 l - 7 potions of curing
 o - a potion of resistance
 r - a potion of lignification
 B - a potion of invisibility {unknown}


   Skills:
 - Level 2.6 Fighting
 - Level 4.3 Short Blades
 - Level 4.1 Dodging
 - Level 3.4 Stealth
 - Level 2.4 Spellcasting
 * Level 14.3 Conjurations


You had 7 spell levels left.
You knew the following spells:

 Your Spells              Type           Power        Failure   Level
a - Magic Dart            Conj           ####         1%          1
b - Searing Ray           Conj           ######       1%          2
c - Mephitic Cloud        Conj/Pois/Air  ####....     1%          3

Your spell library contained the following spells:

 Spells                   Type           Power        Failure   Level
 Lee's Rapid Deconstruct  Erth           #.........   50%         5
 Dazzling Flash           Conj/Hex       #####.       1%          3
 Fulminant Prism          Conj/Hex       #####.....   1%          4
 Iskenderun's Mystic Bla  Conj/Tloc      #####...     1%          4


Dungeon Overview and Level Annotations

Branches:
Dungeon (10/15)            Temple (0/1) D:4
   Lair: D:8-11         Orc: D:9-12

Altars:
Elyvilon
Hepliaklqana
Makhleb
Qazlal
Ru
Trog
Vehumet
Yredelemnul
Zin

Annotations:
D:6 2 transporters, jasper's ghost, weakling PaDe
D:10 exclusion: orange crystal statue


Innate Abilities, Weirdness & Mutations

((You can breathe blasts of scalding, opaque steam.))
((Your pale cyan-grey scales are hard. (AC +7)))
You cannot fit into any form of body armour.
((You are cold-blooded and may be slowed by cold attacks.))
You possess an exceptional clarity of mind.
Your muscles are strong. (Str +2)


Message History

You puncture the seven-headed hydra!
The seven-headed hydra is severely wounded.
The seven-headed hydra bites you but does no damage. x4
The seven-headed hydra completely misses you.
The seven-headed hydra bites you.
* * * LOW HITPOINT WARNING * * *
The seven-headed hydra bites you but does no damage.
Unknown command.
Unknown command.
You completely miss the seven-headed hydra.
The seven-headed hydra is severely wounded.
You have got your breath back.
Unknown command.
Unknown command.
Unknown command.
You puncture the seven-headed hydra!
The seven-headed hydra is severely wounded.
The seven-headed hydra bites you but does no damage. x2
The seven-headed hydra bites you.
You die...

## .......
##........#
......... ........
.#...# #.†.# #...#
.. #.D.# ...##
#.♣.# ......#...#
#..)...# ###.
####.).##
##........
###).####.......(..
##..##...# #.....
##)....# #..!..
#......## #....(
##..##...###.....


You could see a seven-headed hydra.

Vanquished Creatures
  A centaur skeleton (D:7)
  Grinder (D:4)
  Sigmund (D:2)
  A wyvern (D:8)
  9 yaks
  2 steam dragons (D:9)
  Menkaure (D:5)
  2 water moccasins
  An orc warrior (D:7)
  3 sky beasts
  An ice beast (D:4)
  5 phantoms
  3 ogres
  2 centaurs (D:9)
  A big kobold (D:9)
  A gnoll sergeant (D:7)
  3 bullfrogs
  6 scorpions
  12 wights
  A howler monkey (D:4)
  2 bullfrog zombies
  A centaur zombie (D:6)
  6 hounds
  3 jellies
  An orc priest (D:7)
  A gnoll shaman (D:7)
  13 orc wizards
  A bullfrog skeleton (D:5)
  An iguana (D:8)
  Ijyb (D:5)
  6 worker ants
  A worker ant zombie (D:8)
  13 gnolls
  A howler monkey skeleton (D:9)
  10 adders
  2 shadow imps
  A white imp (D:9)
  2 oozes
  2 worms (D:3)
  2 dart slugs
  5 leopard geckos
  24 orcs
  6 bats
  6 giant cockroaches
  10 goblins
  11 hobgoblins
  17 jackals
  13 kobolds
  5 ball pythons
  7 frilled lizards
  A leopard gecko zombie (D:5)
  A quokka zombie (D:5)
  6 rats
239 creatures vanquished.

Vanquished Creatures (others)
  7 fungi (D:9)
  A plant (D:4)
8 creatures vanquished.

Grand Total: 247 creatures vanquished

Notes
Turn   | Place    | Note
-------+----------+-------------------------------------------
     0 | D:1      | dickylongcocking the Draconian Conjurer began the quest for
                  | the Orb.
     0 | D:1      | Reached XP level 1. HP: 14/14 MP: 3/3
   165 | D:1      | Gained mutation: You occasionally shout uncontrollably at
                  | your foes. [potion of mutation]
   165 | D:1      | Gained mutation: You are somewhat resistant to further
                  | mutation. [potion of mutation]
   699 | D:1      | Reached XP level 2. HP: 7/20 MP: 0/5
  1069 | D:1      | Reached XP level 3. HP: 14/26 MP: 6/6
  1515 | D:1      | Reached skill level 1 in Short Blades
  1824 | D:1      | Learned a level 2 spell: Searing Ray
  1860 | D:2      | Found a hazy altar of Hepliaklqana.
  1865 | D:2      | Found a radiant altar of Vehumet.
  1889 | D:2      | Became a worshipper of Vehumet
  1960 | D:2      | Found a burning altar of Makhleb.
  1989 | D:2      | Reached XP level 4. HP: 32/34 MP: 7/7
  2514 | D:2      | Reached skill level 1 in Fighting
  2823 | D:2      | Noticed Sigmund
  2829 | D:2      | Killed Sigmund
  2830 | D:2      | Reached XP level 5. HP: 32/41 MP: 4/8
  2979 | D:2      | Reached * piety under Vehumet
  2979 | D:2      | Offered knowledge of Foxfire by Vehumet.
  3281 | D:3      | Reached XP level 6. HP: 24/48 MP: 9/9
  4401 | D:4      | Offered knowledge of Sandblast by Vehumet.
  4402 | D:4      | Reached ** piety under Vehumet
  4421 | D:4      | Noticed Grinder
  4430 | D:4      | Killed Grinder
  4431 | D:4      | Your scales start taking on a pale cyan-grey colour.
  4431 | D:4      | Reached XP level 7. HP: 46/56 MP: 3/10
  4499 | D:4      | Reached skill level 5 in Conjurations
  4702 | D:4      | Found a staircase to the Ecumenical Temple.
  4704 | D:4      | Found a glowing silver altar of Zin.
  4741 | D:4      | Reached skill level 6 in Conjurations
  5234 | D:5      | Entered Level 5 of the Dungeon
  5314 | D:5      | Reached XP level 8. HP: 37/62 MP: 6/11
  5443 | D:5      | Noticed Ijyb
  5449 | D:5      | Killed Ijyb
  5487 | D:5      | Reached skill level 7 in Conjurations
  5940 | D:5      | Reached skill level 8 in Conjurations
  6113 | D:5      | Noticed Menkaure
  6120 | D:5      | Killed Menkaure
  6224 | D:5      | Found a white marble altar of Elyvilon.
  6725 | D:6      | Reached skill level 9 in Conjurations
  6778 | D:6      | Found a transporter.
  6781 | D:6      | Noticed jasper's ghost (weakling PaDe)
  6794 | D:6      | Offered knowledge of Stone Arrow by Vehumet.
  6845 | D:6      | Found a transporter.
  7079 | D:6      | Reached XP level 9. HP: 60/68 MP: 12/12
  7244 | D:6      | Reached skill level 10 in Conjurations
  7998 | D:7      | Found a basalt altar of Yredelemnul.
  8000 | D:7      | Found a stormy altar of Qazlal.
  8012 | D:7      | Reached skill level 11 in Conjurations
  8029 | D:7      | Reached *** piety under Vehumet
  8324 | D:7      | Identified the amulet "Tuteten" {rElec rN++ Regen+ Str-3
                  | Dex+3}
  8457 | D:7      | Offered knowledge of Mephitic Cloud by Vehumet.
  8621 | D:7      | Reached skill level 12 in Conjurations
  8697 | D:7      | Found a sacrificial altar of Ru.
  9271 | D:8      | Lost mutation: You occasionally shout uncontrollably at
                  | your foes. [potion of mutation]
  9271 | D:8      | Lost mutation: You are somewhat resistant to further
                  | mutation. [potion of mutation]
  9271 | D:8      | Gained mutation: You possess an exceptional clarity of
                  | mind. [potion of mutation]
  9271 | D:8      | Gained mutation: Your muscles are strong. (Str +2) [potion
                  | of mutation]
  9437 | D:8      | Learned a level 3 spell: Mephitic Cloud
  9691 | D:8      | Found a bloodstained altar of Trog.
  9772 | D:8      | Reached XP level 10. HP: 58/74 MP: 13/13
 10295 | D:9      | Reached skill level 13 in Conjurations
 10482 | D:9      | Reached **** piety under Vehumet
 10565 | D:9      | Offered knowledge of Lee's Rapid Deconstruction by Vehumet.
 10911 | D:10     | Entered Level 10 of the Dungeon
 10957 | D:10     | Noticed an orange crystal statue
 11020 | D:10     | Reached skill level 14 in Conjurations
 11235 | D:10     | Noticed a seven-headed hydra
 11244 | D:10     | HP: 4/111 [seven-headed hydra (5)]
 11246 | D:10     | HP: 1/166 [seven-headed hydra (5)]
 11248 | D:10     | Slain by a seven-headed hydra

Illustrated notes

Levels and vault maps discovered:
D:1:      nzn_arrival_depleted_hourglass, layout_rooms, minmay_misc_feat_tiny
D:2:      layout_loops_ring, lemuel_crystal_altar, grunt_temple_overflow_open,
          chequers_serial_rivers_small_3, uniq_sigmund
D:3:      layout_rooms
D:4:      layout_basic, kennysheep_mini_moat,
          minmay_temple_entry_gardened_gates, uniq_grinder
D:5:      layout_layer_cave, old_standard_altar,
          hangedman_abyss_or_decor_lesser_grid, uniq_ijyb, uniq_menkaure
D:6:      layout_basic, gammafunk_ghost_arena
D:7:      layout_loops_ring, chequers_temple_overflow_statue_of_worship,
          nicolae_ru_path_of_blood
D:8:      layout_gridville, lemuel_doored_altar
D:9:      kennysheep_steamy, layout_rooms, st_stairs_4, kennysheep_small_spiral,
          corexii_checkpoint_b
D:10:     minmay_general_purpose_star, layout_layer_cave,
          kennysheep_orc_monster_closet_entryway, grunt_decor_resistance,
          hangedman_glass_teeth, minmay_misc_feat_tower, kennysheep_nondescript,
          minivault_10, minivault_16, uniq_snorg, uniq_nergalle

Skill      XL: |  1  2  3  4  5  6  7  8  9 10 |
---------------+-------------------------------+-----
Stealth        | 2 3 |  3.4
Dodging        | 2 3 4 |  4.1
Short Blades   | 1 2 4 |  4.3
Fighting       | 1 2 |  2.6
Conjurations   | 6 9 12 14 | 14.3
Spellcasting   | |  2.4

Action                   |  1- 3 |  4- 6 |  7- 9 | 10-12 || total
-------------------------+-------+-------+-------+-------++-------
Melee: Dagger            |   119 |   167 |   256 |   127 ||   669
       Tailslap          |     7 |    12 |    21 |     7 ||    47
 Cast: Magic Dart        |     9 |       |       |     1 ||    10
       Searing Ray       |     3 |     9 |    21 |     7 ||    40
 Abil: Breathe Steam     |       |       |    29 |    11 ||    40
Evoke: Wand              |       |       |       |     6 ||     6
  Use: Potion            |     1 |       |     1 |     6 ||     8
       Scroll            |       |       |    15 |       ||    15
 Stab: Sleeping          |     3 |     4 |     3 |     2 ||    12
Armor: Skin              |    46 |    32 |    48 |    65 ||   191
Dodge: Dodged            |   122 |   105 |   165 |    76 ||   468

Table legend: (Time is in decaauts)
 A = Elapsed time spent in this place.
 B = Non-inter-level travel time spent in this place.
 C = Inter-level travel time spent in this place.
 D = Time resting spent in this place.
 E = Time spent auto-exploring this place.
 F = Levels seen in this place.
 G = Mean time per level.
                   A        B        C        D        E       F      G
               +--------+--------+--------+--------+--------+-----+--------+
         Total |  11150 |  10868 |    282 |   1477 |   7700 |  10 | 1115.0 |
       Dungeon |  11150 |  10868 |    282 |   1477 |   7700 |  10 | 1115.0 |
               +--------+--------+--------+--------+--------+-----+--------+

Top non-repeatable levels by time:
     D:1: 1837 daAuts
     D:2: 1413 daAuts
     D:7: 1260 daAuts
     D:5: 1257 daAuts
     D:8: 1157 daAuts
     D:4: 1092 daAuts
     D:3: 1038 daAuts
     D:6: 935 daAuts
     D:9: 830 daAuts
    D:10: 327 daAuts
